 Dungeon Crawl Stone Soup version 0.19.0-19-g8c6edcc (webtiles) character file.

411 tboon the Shield-Bearer (level 7, 0/55 HPs)
             Began as a Formicid Fighter on Nov 14, 2016.
             Succumbed to a killer bee's poison
             ... on level 3 of the Dungeon.
             The game lasted 00:07:34 (2389 turns).

tboon the Shield-Bearer (Formicid Fighter)          Turns: 2389, Time: 00:07:34

Health: 0/55       AC:  7    Str: 20    XL:     7   Next: 14%
Magic:  7/7        EV: 13    Int:  8    God:
Gold:   99         SH: 10    Dex: 17    Spells: 0 memorised, 6 levels left

rFire  . . .     SeeInvis +     a - +0 war axe
rCold  . . .     Gourm    .     b - +0 scale mail
rNeg   . . .     Faith    .     c - +0 shield
rPois  .         Spirit   .     (helmet unavailable)
rElec  .         Reflect  .     (no cloak)
rCorr  .         Harm     .     (no gloves)
MR     .....                    (no boots)
Stlth  +.........               q - amulet of regeneration {+regen, !d}
                                (no ring)
                                (no ring)

@: agile, lethally poisoned (0 -> -1), flying (expiring)
A: permanent stasis, dig shafts and tunnels, four strong arms, antennae 3
a: Dig, Shaft Self


You were on level 3 of the Dungeon.
You were not hungry.

You visited 1 branch of the dungeon, and saw 3 of its levels.

You collected 99 gold pieces.

Inventory:

Hand Weapons
 a - a +0 war axe (weapon)
Armour
 b - a +0 scale mail (worn)
 c - a +0 shield (worn)
 o - a +2 pair of boots
   (You found it on level 2 of the Dungeon)
Jewellery
 q - an amulet of regeneration (around neck) {+regen, !d}
   (You found it on level 2 of the Dungeon)
 s - a cursed ring of loudness {unknown}
   (You found it on level 2 of the Dungeon)
Wands
 l - a wand of iceblast (9/15)
   (You found it on level 3 of the Dungeon)
Scrolls
 h - a scroll of amnesia {unknown}
 j - a scroll of enchant armour {unknown}
 m - 2 scrolls of remove curse {unknown}
 p - a scroll of recharging {unknown}
 u - a scroll of noise {unknown}
 v - a scroll of identify {unknown}
 w - a scroll of teleportation {unknown}
Potions
 e - 3 potions of flight
 g - a potion of agility
Comestibles
 f - 3 bread rations
 k - a meat ration
 r - 2 chunks of flesh
 t - 4 fruits


   Skills:
 + Level 4.8 Fighting
 + Level 3.9 Axes
 + Level 4.8 Armour
 + Level 5.7 Shields


You had 6 spell levels left.
You didn't know any spells.

Dungeon Overview and Level Annotations

Branches:
Dungeon (3/15)

Altars:
Fedhas

Annotations:
D:2 exclusion: oklob plant, Natasha


Innate Abilities, Weirdness & Mutations

You are under a permanent stasis effect.
You can dig through walls and to a lower floor.
Your four strong arms can wield two-handed weapons with a shield.
You have a pair of large antennae on your head. (SInv)


Message History

The killer bee stings you but does no damage.
You block the killer bee's attack.
You miss the killer bee.
The killer bee is severely wounded.
The killer bee stings you.
The killer bee stings you but does no damage.
The killer bee barely misses you.
You miss the killer bee.
The killer bee is heavily wounded.
The killer bee barely misses you. x2; You block the killer bee's attack.
You slice the killer bee!!
You kill the killer bee!
The killer bee stings you. You block the killer bee's attack.
You barely miss the killer bee. You block the killer bee's attack.
The killer bee stings you!
* * * LOW HITPOINT WARNING * * *
The killer bee barely misses you.
You barely miss the killer bee. You block the killer bee's attack.
The killer bee stings you but does no damage.
You hit the killer bee.
The killer bee is moderately wounded.
The killer bee stings you but does no damage.
The killer bee stings you.
* * * LOW HITPOINT WARNING * * *
The killer bee stings you but does no damage.
You feel better.
The killer bee stings you but does no damage. x2
Your shield and scale mail prevent you from hitting the killer bee.
The killer bee is moderately wounded.
You block the killer bee's attack. The killer bee stings you.
* * * LOW HITPOINT WARNING * * *
The killer bee stings you.
* * * LOW HITPOINT WARNING * * *
You miss the killer bee.
The killer bee is moderately wounded.
You block the killer bee's attack. x2
You miss the killer bee.
The killer bee is moderately wounded.
The killer bee stings you.
* * * LOW HITPOINT WARNING * * *
You are poisoned.
The killer bee poisons you!
The killer bee stings you but does no damage.
You block the killer bee's attack.
You miss the killer bee.
The killer bee is moderately wounded.
You feel sick.
The killer bee stings you but does no damage.
You block the killer bee's attack.
The killer bee stings you but does no damage.
You slash the killer bee!
The killer bee is almost dead.
You feel sick. You block the killer bee's attack. x3
It was a potion of agility.
You feel agile all of a sudden. The killer bee closely misses you.
You block the killer bee's attack.
You closely miss the killer bee.
The killer bee is almost dead.
You feel sick. The killer bee barely misses you.
You block the killer bee's attack.
You slash the killer bee!
You kill the killer bee!
You have reached level 7!
You feel sick.
The killer bee stings you but does no damage.
You block the killer bee's attack.
You closely miss the killer bee.
You feel a little less mighty now. The killer bee barely misses you.
You block the killer bee's attack. x2
You closely miss the killer bee.
You feel sick. The killer bee misses you.
The killer bee stings you but does no damage.
You slash the killer bee!
The killer bee is severely wounded.
You feel sick. You block the killer bee's attack. The killer bee misses you.
The killer bee stings you but does no damage.
You barely miss the killer bee.
The killer bee is severely wounded.
The killer bee stings you but does no damage.
The killer bee stings you.
* * * LOW HITPOINT WARNING * * *
The killer bee misses you.
It was a potion of magic.
Magic courses through your body.
* * * LOW HITPOINT WARNING * * *
You feel sick. The killer bee closely misses you.
You block the killer bee's attack.
Okay, then.
You slash the killer bee!
You kill the killer bee!
There is a lethal amount of poison in your body!
Okay, then.
Okay, then.
Put on which piece of jewellery? (? for menu, Esc to quit)
You sense that the amulet cannot attune itself to your injured body.
q - an amulet of regeneration (around neck)
* * * LOW HITPOINT WARNING * * *
You feel sick.
* * * LOW HITPOINT WARNING * * *
You feel sick.
You are starting to lose your buoyancy.
You die...

.... #..# .......# #..#
.......#####..
.............#####
.................#
.................#
..........>......#
...............######.#
...............†@.....#
...........)...########
...#..........####
...#.............#
#.##.÷†..........#
...#.......#.....#
..........##.....#####
.....................#
.....................#


There were no monsters in sight!

Vanquished Creatures
  5 killer bees (D:3)
  Natasha (twice) (D:2)
  Robin (D:2)
  3 adders
  2 oozes (D:1)
  4 worms
  2 dart slugs
  3 leopard geckos
  An orc (D:3)
  3 bats
  2 giant cockroaches
  16 goblins
  11 hobgoblins
  8 jackals
  8 frilled lizards
  3 kobolds
  12 rats
86 creatures vanquished.

Notes
Turn   | Place    | Note
-------+----------+-------------------------------------------
     0 | D:1      | tboon the Formicid Fighter began the quest for the Orb.
     0 | D:1      | Reached XP level 1. HP: 18/18 MP: 1/1
    24 | D:1      | Reached XP level 2. HP: 20/24 MP: 2/2
   196 | D:1      | Reached XP level 3. HP: 24/29 MP: 3/3
   304 | D:1      | Reached skill level 4 in Shields
   522 | D:1      | Reached XP level 4. HP: 35/37 MP: 4/4
   784 | D:2      | Noticed Robin
   785 | D:2      | Reached skill level 3 in Axes
   799 | D:2      | Killed Robin
   867 | D:2      | Found a blossoming altar of Fedhas.
   884 | D:2      | Reached skill level 4 in Armour
  1037 | D:2      | Noticed an oklob plant
  1100 | D:2      | Reached XP level 5. HP: 34/42 MP: 5/5
  1203 | D:2      | Found a faded altar of an unknown god.
  1215 | D:2      | Noticed Natasha
  1220 | D:2      | Killed Natasha
  1220 | D:2      | Reached skill level 4 in Fighting
  2011 | D:2      | Noticed Natasha
  2018 | D:2      | Killed Natasha
  2086 | D:2      | Noticed Natasha
  2203 | D:3      | Reached skill level 5 in Shields
  2206 | D:3      | Reached XP level 6. HP: 48/48 MP: 6/6
  2355 | D:3      | HP: 12/49 [killer bee (2)]
  2361 | D:3      | HP: 9/49 [killer bee (7)]
  2363 | D:3      | HP: 4/49 [killer bee (5)]
  2368 | D:3      | HP: 10/49 [poisoned by a killer bee]
  2372 | D:3      | Reached XP level 7. HP: 10/55 MP: 7/7
  2374 | D:3      | HP: 9/55 [poisoned by a killer bee]
  2376 | D:3      | HP: 2/55 [killer bee (6)]
  2381 | D:3      | HP: 1/55 [poisoned by a killer bee]
  2389 | D:3      | Succumbed to a killer bee's poison

Skill      XL: |  1  2  3  4  5 |
---------------+----------------+-----
Shields        | 4 5 |  5.7
Axes           | 3 |  3.9
Armour         | 4 |  4.8
Fighting       | 4 |  4.8

Action                   |  1- 3 |  4- 6 |  7- 9 || total
-------------------------+-------+-------+-------++-------
Melee: War axe           |    62 |   206 |     5 ||   273
  Use: Potion            |       |     5 |     1 ||     6
  Eat: Chunk             |       |     4 |       ||     4
       Pizza             |       |     1 |       ||     1
Armor: Scale mail        |    44 |    76 |     4 ||   124
Dodge: Dodged            |    27 |    82 |     5 ||   114
Block: Shield            |    41 |   117 |     5 ||   163

Vault maps used:
D:1:      mrwooster_arrival_statue_2, kennysheep_flooded_box
D:2:      ecumenical_altar_1, first_bread, tgw_fedhas, uniq_robin, uniq_natasha

Table legend:
 A = Turns spent in this place as a percentage of turns spent in the entire game.
 B = Non-inter-level travel turns spent in this place as a percentage of non-inter-level travel turns spent in the entire game.
 C = Inter-level travel turns spent in this place as a percentage of turns spent in this place.
 D = Turns resting spent in this place as a percentage of non-inter-level travel turns spent in this place.
 E = Turns spent auto-exploring this place as a percentage of non-inter-level travel turns spent in this place.
 F = Non-inter-level travel turns spent in this place divided by the number of levels of this place that you've seen.
                   A       B       C       D       E      F
               +-------+-------+-------+-------+-------+----------------------
         Total | 100.0 | 100.0 |   0.4 |   1.8 |  13.7 | 235.3
       Dungeon | 100.0 | 100.0 |   0.4 |   1.8 |  13.7 | 235.3
               +-------+-------+-------+-------+-------+----------------------

Table legend:
 A = Kills in this place as a percentage of kills in entire the game.
 B = Kills by you in this place as a percentage of kills by you in the entire game.
 C = Kills by friends in this place as a percentage of kills by friends in the entire game.
 D = Other kills in this place as a percentage of other kills in the entire game.
 E = Experience gained in this place as a percentage of experience gained in the entire game.
 F = Experience gained in this place divided by the number of levels of this place that you have seen.
                   A       B       C       D       E      F
               +-------+-------+-------+-------+-------+----------------------
         Total | 100.0 | 100.0 |  -nan |  -nan | 100.0 | 196.0
       Dungeon | 100.0 | 100.0 |  -nan |  -nan | 100.0 | 196.0
               +-------+-------+-------+-------+-------+----------------------
